 Seeded DCSS version 0.29-a0-369-gd956c00756 (webtiles) character file.

Game seed: 20220501 (custom seed)

154 happo123 the Ruffian (level 5, 0/40 HPs)
             Began as a Draconian Transmuter on May 1, 2022.
             Was a Believer of Lugonu.
             Killed by divine providence
             ... invoked by an orc priest
              (11 damage)
             ... on level 4 of the Dungeon.
             The game lasted 00:30:41 (3378 turns).

happo123 the Ruffian (Draconian Transmuter)         Turns: 3378, Time: 00:30:47

Health: 0/40       AC:  6    Str: 15    XL:     5   Next: 13%
Magic:  1/8        EV: 12    Int: 13    God:    Lugonu [**....]
Gold:   52         SH:  0    Dex: 11    Spells: 1/9 levels left

rFire   . . .      SeeInvis +   p - +0 rapier
rCold   . . .      Faith    .   (no shield)
rNeg    . . .      Spirit   .   (body armour unavailable)
rPois   .          Reflect  .   (helmet restricted)
rElec   .          Harm     .   (no cloak)
rCorr   .          Rampage  .   (no gloves)
Will    .....                   w - +0 pair of boots
Stlth   +.........              (no amulet)
HPRegen 0.13/turn               o - ring of see invisible
MPRegen 0.11/turn               (no ring)

@: confused, very slightly contaminated
A: AC +5, unfitting armour, cold-blooded
a: Renounce Religion, Depart the Abyss, Bend Space


You were on level 4 of the Dungeon.
You worshipped Lugonu.
Lugonu was pleased with you.
You visited 1 branch of the dungeon, and saw 4 of its levels.

You collected 78 gold pieces.
You spent 26 gold pieces at shops.

Inventory:

Hand Weapons
 e - a +0 short sword
 f - a +0 hunting sling
 k - a +0 falchion
 m - a +0 hand axe
 p - a +0 rapier (weapon)
 r - a +0 whip
 A - a +0 dagger
 C - a +0 mace
Missiles
 g - 60 stones
Armour
 h - a +0 scale mail
 s - a +0 buckler
 w - a +0 pair of boots (worn)
 y - a +0 leather armour
 z - a +0 robe
 D - a +0 leather armour
Magical Staves
 F - a staff of earth
Jewellery
 o - a ring of see invisible (left hand)
Wands
 t - a wand of polymorph (5)
 E - a wand of flame (26)
Scrolls
 c - a scroll of summoning {unknown}
 d - a scroll of fear {unknown}
 j - 3 scrolls of identify
 n - a scroll of noise {unknown}
 v - a scroll of torment {unknown}
 x - a scroll of brand weapon {unknown}
 H - a scroll of enchant weapon {unknown}
Potions
 a - a potion of lignification
 b - a potion of curing
 i - 2 potions of heal wounds {unknown}
 l - a potion of cancellation {unknown}
 q - a potion of degeneration
 u - a potion of resistance {unknown}
 B - a potion of mutation {unknown}
 G - a potion of might {unknown}


   Skills:
 + Level 1.5 Fighting
 + Level 2.0 Short Blades
 + Level 2.5 Dodging
 + Level 1.4 Stealth
 + Level 3.6 Unarmed Combat
 + Level 2.5 Spellcasting
 + Level 2.5 Transmutations


You had one spell level left.
You knew the following spells:

 Your Spells              Type           Power      Damage    Failure   Level
a - Beastly Appendage     Tmut           16%        N/A       9%          1
b - Wereblood             Tmut           8%         N/A       13%         2
c - Spider Form           Tmut/Pois      5%         N/A       38%         3
d - Passwall              Tmut/Erth      4%         N/A       22%         2

Your spell library contained the following spells:

 Spells                   Type           Power      Damage    Failure   Level
 Ensorcelled Hibernation  Hex/Ice        2%         N/A       36%         2
 Call Canine Familiar     Summ           1%         N/A       56%         3
 Portal Projectile        Hex/Tloc       2%         N/A       58%         3
 Swiftness                Air            1%         N/A       58%         3
 Ice Form                 Ice/Tmut       5%         N/A       80%         4
 Leda's Liquefaction      Hex/Erth       0%         N/A       94%         4


Dungeon Overview and Level Annotations

Branches:
Dungeon (4/15)
 Temple: D:4-7

Altars:
Lugonu

Shops:
D:2 ?


Innate Abilities, Weirdness & Mutations

Your plain brown scales are hard. (AC +5)
You cannot fit into any form of body armour.
You are cold-blooded and may be slowed by cold attacks.


Message History

The orc is lightly wounded.
Your horns disappear.
Your talons disappear.
Your +0 pair of boots unmelds from your body.
The orc barely misses you.
You closely miss the orc.
The orc is lightly wounded.
The orc hits you but does no damage.
Casting: Wereblood (safe; 13% risk of failure)
Confirm with . or Enter, or press ? or * to list all spells.
You miscast Wereblood.
You are very lightly contaminated with residual magic.
Nothing appears to happen.
The orc hits you but does no damage.
Casting: Wereblood (safe; 13% risk of failure)
Confirm with . or Enter, or press ? or * to list all spells.
You don't have enough magic to cast this spell.
You hit the orc.
You feel a bit better.
You kill the orc!
Lugonu accepts your kill.
You barely miss the orc wizard.
The orc wizard hits you with a +0 dagger.
You hit the orc wizard.
The orc wizard is moderately wounded.
Your primal bloodlust has ended.
The orc wizard barely misses you.
You hit the orc wizard but do no damage.
The orc wizard is moderately wounded.
The orc wizard gestures at you while chanting.
You are confused.
The orc wizard casts a spell at you. You resist with some effort.
The orc priest looks satisfied for a moment.
You're too confused to cast spells.
Okay, then.
You bump into the rock wall.
The orc wizard points at you and mumbles some strange words.
The puff of flame hits you.
* * * LOW HITPOINT WARNING * * *
The orc priest calls down the wrath of Beogh upon you.
Beogh smites you!
You die...

#.# #.#####.##
#.......###
#################
###........
##.####### #.#
#.# #@# #o#
#o..o....#
.....######.#
...> ... .. .


You could see an orc priest and an orc wizard (invisible).

Vanquished Creatures
  An orc wizard (D:4)
  9 adders
  2 worms
  A dart slug (D:1)
  2 orcs
  4 bats
  5 endoplasms
  2 giant cockroaches
  2 goblins
  2 hobgoblins
  6 kobolds
  A quokka (D:1)
  4 ball pythons
  A frilled lizard (D:1)
  3 rats
45 creatures vanquished.

Vanquished Creatures (others)
  2 plants (D:1)
2 creatures vanquished.

Grand Total: 47 creatures vanquished

Notes
Turn   | Place    | Note
-------+----------+-------------------------------------------
     0 | D:1      | happo123 the Draconian Transmuter began the quest for the
                  | Orb.
     0 | D:1      | Reached XP level 1. HP: 16/16 MP: 3/3
   189 | D:1      | Found a faded altar of an unknown god.
   196 | D:1      | Prayed at the altar of an unknown god.
   196 | D:1      | Became a worshipper of Lugonu the Unformed
   196 | D:1      | Reached * piety under Lugonu
   196 | D:1      | Reached ** piety under Lugonu
   550 | D:1      | Reached XP level 2. HP: 23/23 MP: 3/5
   553 | D:1      | Learned a level 2 spell: Wereblood
  1179 | D:2      | Reached XP level 3. HP: 16/28 MP: 6/6
  1690 | D:2      | Found Moqerghio's Magic Scroll Shoppe.
  1716 | D:2      | Bought a scroll of identify for 26 gold pieces
  1760 | D:2      | Reached skill level 1 in Short Blades
  1764 | D:2      | Learned a level 3 spell: Call Canine Familiar
  2170 | D:2      | Reached XP level 4. HP: 35/35 MP: 3/7
  2517 | D:3      | Learned a level 2 spell: Passwall
  2686 | D:3      | Learned a level 3 spell: Spider Form
  3371 | D:4      | Reached skill level 1 in Stealth
  3371 | D:4      | Reached XP level 5. HP: 13/40 MP: 2/8
  3378 | D:4      | Killed from afar by an orc priest

Illustrated notes

Levels and vault maps discovered:
D:1:      tarquinn_simple_flora_water_b, layout_loops_ring,
          dreamdust_ecumenical_altar_statues, serial_forest,
          infiniplex_forest_straight_3, infiniplex_forest_corner_1,
          infiniplex_forest_lined_4_way, infiniplex_forest_clump_small,
          infiniplex_forest_straight_2, infiniplex_forest_clump_small,
          infiniplex_forest_clump_tiny
D:2:      layout_rooms, serial_shops, nicolae_shop_advertising_works
          [nicolae_subvault_shop_adworks]
D:3:      layout_loops_ring, minmay_fractal_squares_gapless_5
D:4:      layout_loops_cross, minmay_temple_entry_nine_rooms, serial_shops,
          shop, gup_sewer_entry_bubbles, serial_co_window_serial,
          co_window_corner_a, co_window_paths_b, co_window_paths_a,
          co_window_paths_b, co_window_paths_a, co_window_2corner,
          co_window_corner_b, co_window_corner_b, co_window_paths_c,
          co_window_cross_2, co_window_corner_b, co_window_corner_b,
          co_window_paths_d, glass_columns_b, glass_columns_c, glass_columns_a,
          glass_columns_a

Skill      XL: |  1  2  3  4 |
---------------+-------------+-----
Dodging        | 2 |  2.5
Short Blades   | 1 2 |  2.0
Stealth        | 1 |  1.4
Fighting       | |  1.5
Unarmed Combat | |  3.6
Spellcasting   | |  2.5
Transmutations | |  2.5

Action                   |  1- 3 |  4- 6 || total
-------------------------+-------+-------++-------
Melee: Short sword       |   117 |       ||   117
       Unarmed           |    17 |       ||    17
       Tailslap          |    18 |     4 ||    22
       Kick              |     7 |     9 ||    16
       Headbutt          |     4 |     4 ||     8
       Punch             |     5 |       ||     5
       Rapier            |    37 |    54 ||    91
 Cast: Beastly Appendage |     6 |     6 ||    12
       Wereblood         |    10 |     6 ||    16
       Call Canine Famil |     1 |       ||     1
       Passwall          |       |     1 ||     1
Evoke: Wand              |       |     1 ||     1
  Use: Potion            |     1 |     1 ||     2
       Scroll            |       |     3 ||     3
 Stab: Sleeping          |       |     1 ||     1
Armor: Skin              |    46 |    18 ||    64
Dodge: Dodged            |    87 |    31 ||   118

Table legend: (Time is in decaauts)
 A = Elapsed time spent in this place.
 B = Non-inter-level travel time spent in this place.
 C = Inter-level travel time spent in this place.
 D = Time resting spent in this place.
 E = Time spent auto-exploring this place.
 F = Levels seen in this place.
 G = Mean time per level.
                   A        B        C        D        E       F      G
               +--------+--------+--------+--------+--------+-----+--------+
         Total |   3399 |   2950 |    449 |    793 |   1580 |   4 |  849.8 |
       Dungeon |   3399 |   2950 |    449 |    793 |   1580 |   4 |  849.8 |
               +--------+--------+--------+--------+--------+-----+--------+

Top non-repeatable levels by time:
     D:2: 1188 daAuts
     D:1: 1154 daAuts
     D:3: 969 daAuts
     D:4: 86 daAuts
